 Dungeon Crawl Stone Soup version 0.22-a0-410-g97be04f (webtiles) character file.

45 Espgualade the Skirmisher (level 3, 0/23 HPs)
             Began as a Tengu Ice Elementalist on Nov 23, 2017.
             Shot with a stone by a goblin (2 damage)
             ... on level 2 of the Dungeon on May 11, 2018.
             The game lasted 00:04:02 (1351 turns).

Espgualade the Skirmisher (Tengu Ice Elementalist)  Turns: 1351, Time: 00:04:02

Health: 0/23       AC:  2    Str:  8    XL:     3   Next: 64%
Magic:  0/7        EV: 12    Int: 16    God:
Gold:   33         SH:  0    Dex: 14    Spells: 3/6 levels left

rFire    . . .     SeeInvis .   e - +0 dagger
rCold    . . .     Gourm    .   (no shield)
rNeg     . . .     Faith    .   a - +0 robe
rPois    .         Spirit   .   (helmet restricted)
rElec    .         Reflect  .   (no cloak)
rCorr    .         Harm     .   (no gloves)
MR       .....                  (boots unavailable)
Stlth    ++........             (no amulet)
HPRegen  0.07/turn              (no ring)
MPRegen  0.10/turn              (no ring)

@: lethally poisoned (0 -> -4)
A: beak, talons 3
a: no special abilities


You were on level 2 of the Dungeon.
You were not hungry.

You visited 1 branch of the dungeon, and saw 2 of its levels.

You collected 33 gold pieces.

Inventory:

Hand Weapons
 e - a +0 dagger (weapon)
Armour
 a - a +0 robe (worn)
Scrolls
 g - 2 scrolls of identify
Potions
 b - 2 potions of curing
 d - a potion of mutation {unknown}
Comestibles
 c - a ration


   Skills:
 + Level 3.1 Fighting
 - Level 2.1 Dodging
 - Level 2.0 Stealth
 - Level 2.0 Spellcasting
 - Level 1.3 Conjurations
 - Level 2.6 Ice Magic


You had 3 spell levels left.
You knew the following spells:

 Your Spells              Type           Power        Failure   Level  Hunger
a - Freeze                Ice            ##..         7%          1    #......
b - Throw Frost           Conj/Ice       #.....       14%         2    ###....


Dungeon Overview and Level Annotations

Branches:
Dungeon (2/15)

Altars:


Innate Abilities, Weirdness & Mutations

You have a beak for a mouth.
You have claws for feet.


Message History

The adder is severely wounded.
You feel sick. The adder bites you but does no damage.
Casting: Freeze (safe; 7% risk of failure)
Confirm with . or Enter, or press ? or * to list all spells.
Aiming: Freeze (safe; 7% risk of failure)
Press: ? - help, Shift-Dir - straight line, f/p - adder
Aim: an adder (severely wounded)
You freeze the adder.
You kill the adder!
Your Fighting skill increases to level 3!
The kobold hits you.
A goblin comes into view.
You feel sick.
The goblin shouts!
The goblin wields a hunting sling.
The goblin shoots a stone.
The stone hits you.
* * * LOW HITPOINT WARNING * * *
You see here a stone.
The goblin shoots a stone.
The stone hits you.
You die...

#.#K###..##..........
####.#.......#........#.
#..........w............
#........g#.##........#.
#.........(.....†.......
#.......................
#.......†.......K.......
###.......##..#(......#
#.......##..@........
#.............####.##
.............#..# #.#
.........(....<..###.. ..##
..................#..# #.....
.......#.............#####......
....####............#...........
... #.......##...............
#....^..##...............


You could see a worm, a goblin and a kobold.

Vanquished Creatures
  2 adders (D:2)
  A leopard gecko (D:1)
  A giant cockroach (D:2)
  5 goblins (D:1)
  2 hobgoblins (D:1)
  2 jackals (D:1)
  2 quokkas
  A ball python (D:2)
  3 frilled lizards (D:1)
  3 kobolds (D:1)
  4 rats
26 creatures vanquished.

Notes
Turn   | Place    | Note
-------+----------+-------------------------------------------
     0 | D:1      | Espgualade the Tengu Ice Elementalist began the quest for the Orb.
     0 | D:1      | Reached XP level 1. HP: 10/10 MP: 4/4
    65 | D:1      | Upgraded the game from 0.21-a0-496-g696f58f to 0.22-a0-410-g97be04f
    98 | D:1      | Reached skill level 1 in Fighting
   276 | D:1      | Reached XP level 2. HP: 16/16 MP: 3/6
   416 | D:1      | Reached skill level 2 in Fighting
   753 | D:2      | Learned a level 2 spell: Throw Frost
  1000 | D:2      | Reached XP level 3. HP: 11/22 MP: 5/7
  1348 | D:2      | Reached skill level 3 in Fighting
  1351 | D:2      | Shot with a stone by a goblin

Vault maps used:
D:1:      sevenhm_arrival_forest_fort_small_3
D:2:      st_stairs_4

Skill      XL: |  1  2  3 |
---------------+----------+-----
Fighting       | 1 2 3 |  3.1
Dodging        | |  2.1
Stealth        | |  2.0
Spellcasting   | |  2.0
Conjurations   | |  1.3
Ice Magic      | |  2.6

Action                   || total
-------------------------++-------
Melee: Unarmed           ||     5
       Kick              ||     6
       Short sword       ||    25
       Peck              ||     3
       Dagger            ||     4
 Cast: Freeze            ||    27
  Use: Scroll            ||     5
 Stab: Sleeping          ||     4
  Eat: Ration            ||     1
Armor: Robe              ||     5
Dodge: Dodged            ||    33

Table legend:
 A = Spawn XP
 B = Non-spawn XP
 C = Spawn XP percentage of total XP
 D = Spawn monster count
 E = Non-spawn monster count
 F = Spawn count percentage of total count
 G = Total turns spent on level
                    A         B        C        D         E        F      G
               +---------+---------+-------+---------+---------+-------+---------
         Total |       0 |      65 |   0.0 |       0 |      26 |   0.0 |  1351
               +---------+---------+-------+---------+---------+-------+---------
           D:1 |       0 |      32 |   0.0 |       0 |      20 |   0.0 |   986
           D:2 |       0 |      33 |   0.0 |       0 |       6 |   0.0 |   365
               +---------+---------+-------+---------+---------+-------+---------
